 Dungeon Crawl Stone Soup version 0.32-a0-132-g2d33c3cfaf (webtiles) character file.

Game seed: 13501924211762860178

42 jasper the Shooter (level 3, -6/20 HPs)
             Began as a Deep Elf Hexslinger on Feb 9, 2024.
             Was a Follower of Okawaru.
             Mangled by Terence
             ... wielding a +2 flail of holy wrath
              (9 damage)
             ... on level 2 of the Dungeon.
             The game lasted 00:02:38 (1021 turns).

jasper the Shooter (Deep Elf Hexslinger)            Turns: 1021, Time: 00:02:39

Health: -6/20      AC:  2    Str:  5    XL:     3   Next: 35%
Magic:  7/7        EV: 16    Int: 19    God:    Okawaru [*.....]
Gold:   119        SH:  0    Dex: 17    Spells: 2/5 levels left

rFire   . . .        a - +1 sling
rCold   . . .        (no shield)
rNeg    . . .        c - +0 robe
rPois   .            (no helmet)
rElec   .            (no cloak)
rCorr   .            (no gloves)
SInv    .            (no boots)
Will    .....        g - amulet of magic regeneration
Stlth   +++          (no ring)
HPRegen 0.23/turn    (no ring)
MPRegen 0.50/turn

%: no passive effects
@: heroic
A: no striking features
a: Renounce Religion, Heroism


You were on level 2 of the Dungeon.
You worshipped Okawaru.
Okawaru was aware of your devotion.
You visited 1 branch of the dungeon, and saw 2 of its levels.

You collected 119 gold pieces.

Inventory:

Hand Weapons
 a - a +1 sling (weapon)
Armour
 c - a +0 robe (worn)
Jewellery
 d - a ring of fire
 g - an amulet of magic regeneration (around neck)
Scrolls
 b - a scroll of poison
Potions
 e - 3 potions of curing {unknown}
 f - 2 potions of invisibility {unknown}


   Skills:
 + Level 1.6(6.6) Fighting
 * Level 4.4(9.4) Ranged Weapons
 - Level 2.4(7.4) Dodging
 - Level 1.5 Spellcasting
 - Level 4.0 Hexes
 - Level 1.1 Fire Magic


You had 2 spell levels left.
You knew the following spells:

 Your Spells              Type           Power      Damage    Failure   Level
a - Gell's Gravitas       Tloc           1%         N/A       47%         3

Your spell library contained the following spells:

 Spells                   Type           Power      Damage    Failure   Level
 Jinxbite                 Hex            32%        N/A       5%          2
 Sigil of Binding         Hex            16%        N/A       11%         3
 Inner Flame              Hex/Fire       11%        N/A       19%         3
 Cause Fear               Hex            8%         N/A       34%         4
 Teleport Other           Tloc           1%         N/A       47%         3
 Dimensional Bullseye     Hex/Tloc       4%         N/A       61%         4
 Dispersal                Tloc           0%         N/A       100%        6


Dungeon Overview and Level Annotations

Branches:
Dungeon (2/15)

Altars:
Okawaru

Annotations:
D:2 Terence


Message History

Aim: Terence, wielding a +2 flail of holy wrath and wearing a +0 chain mail (72% to hit)
You shoot a sling bullet. The sling bullet hits Terence!
Terence is heavily wounded.
Fire: a) +1 sling
Press: ? - help, Q - select action, (/) - cycle Shift-Dir - straight line, f/p - Terence
Aim: Terence, wielding a +2 flail of holy wrath and wearing a +0 chain mail (heavily wounded, 72% to hit)
You shoot a sling bullet.
The sling bullet hits Terence but does no damage.
Terence is heavily wounded.
Fire: a) +1 sling
Press: ? - help, Q - select action, (/) - cycle Shift-Dir - straight line, f/p - Terence
Aim: Terence, wielding a +2 flail of holy wrath and wearing a +0 chain mail (heavily wounded, 72% to hit)
You shoot a sling bullet.
The sling bullet hits Terence but does no damage.
Terence is heavily wounded.
Terence hits you with a +2 flail of holy wrath.
You take 4 damage, and have 16/20 hp.
MP restored: 7 Fire: a) +1 sling
Press: ? - help, Q - select action, (/) - cycle Shift-Dir - straight line, f/p - Terence
Aim: Terence, wielding a +2 flail of holy wrath and wearing a +0 chain mail (heavily wounded, 72% to hit)
You shoot a sling bullet. The sling bullet hits Terence.
Terence is severely wounded.
Fire: a) +1 sling
Press: ? - help, Q - select action, (/) - cycle Shift-Dir - straight line, f/p - Terence
Aim: Terence, wielding a +2 flail of holy wrath and wearing a +0 chain mail (severely wounded, 72% to hit)
You shoot a sling bullet. The sling bullet barely misses Terence.
Terence hits you with a +2 flail of holy wrath!
Ouch! That really hurt!
* * * LOW HITPOINT WARNING * * *
You take 14 damage, and have 2/20 hp.
MASSIVE DAMAGE!!
Fire: a) +1 sling
Press: ? - help, Q - select action, (/) - cycle Shift-Dir - straight line, f/p - Terence
Aim: Terence, wielding a +2 flail of holy wrath and wearing a +0 chain mail (severely wounded, 72% to hit)
You shoot a sling bullet.
The sling bullet hits Terence but does no damage.
Terence is severely wounded.
Terence hits you with a +2 flail of holy wrath!
You die...
Terence says, "Rest in peace."

........####.......###.
...................###.
#...(...........#.......
#...............#.......
................#..>....
.............##.#.......
......##.....##)#.......
......##....###.#.......
......@@.<....#.#.......
......##......#.########
..... #......#.#####
#### #.....†#.....#
###...########.#
#............#.#
#.#...##.##....#
#.........######
#.........#


You could see Terence.

Vanquished Creatures
  A gnoll (D:1)
  2 dart slugs (D:1)
  3 endoplasms
  A giant cockroach (D:1)
  2 goblins (D:1)
  2 hobgoblins (D:1)
  2 quokkas (D:1)
  4 ball pythons
  5 bats
  4 frilled lizards (D:1)
  4 kobolds
30 creatures vanquished.

Notes
Turn   | Place    | Note
-------+----------+-------------------------------------------
     0 | D:1      | jasper the Deep Elf Hexslinger began the quest for the Orb.
     0 | D:1      | Reached XP level 1. HP: 11/11 MP: 5/5
    35 | D:1      | Reached skill level 1 in Fighting
    71 | D:1      | Reached XP level 2. HP: 16/16 MP: 6/6
   379 | D:1      | Reached XP level 3. HP: 17/20 MP: 7/7
   383 | D:1      | Learned a level 3 spell: Gell's Gravitas
   712 | D:1      | Found a faded altar of an unknown god.
   717 | D:1      | Prayed at the altar of an unknown god.
   717 | D:1      | Became a worshipper of Warmaster Okawaru
   717 | D:1      | Reached * piety under Okawaru
  1012 | D:2      | Noticed Terence
  1021 | D:2      | Mangled by Terence

Illustrated notes

Levels and vault maps discovered:
D:1:      ldierk_walled_garden_2, layout_loops_ring,
          chequers_ecumenical_altar_lobes
D:2:      layout_basic, chequers_garden, uniq_robin, uniq_terence, uniq_natasha

Skill      XL: |  1  2 |
---------------+-------+-----
Ranged Weapons | 3 4 |  4.4
Fighting       | 1 |  1.6
Dodging        | |  2.4
Spellcasting   | |  1.5
Hexes          | |  4.0
Fire Magic     | |  1.1

Action                     || total
---------------------------++-------
   Fire: Sling             ||    86
 Invoke: Heroism           ||     1
 Armour: Robe              ||    21
  Dodge: Dodged            ||    24

Table legend: (Time is in decaauts)
 A = Elapsed time spent in this place.
 B = Non-inter-level travel time spent in this place.
 C = Inter-level travel time spent in this place.
 D = Time resting spent in this place.
 E = Time spent auto-exploring this place.
 F = Levels seen in this place.
 G = Mean time per level.
                   A        B        C        D        E       F      G
               +--------+--------+--------+--------+--------+-----+--------+
         Total |   1040 |    960 |     80 |      0 |    790 |   2 |  520.0 |
       Dungeon |   1040 |    960 |     80 |      0 |    790 |   2 |  520.0 |
               +--------+--------+--------+--------+--------+-----+--------+

Top non-repeatable levels by time:
     D:1: 880 daAuts
     D:2: 160 daAuts
